Map: Ephemeron LE

Players

Serral - Winner!

  • Race: Zerg Zerg
  • Spawn Location: 11:00

GOReynor (Reynor)

  • Race: Zerg Zerg
  • League: Master
  • Spawn Location: 5:00

Event: NationWars 2019

VOD

Have the link to the VOD?

Description

Time

  • Played on: Dec. 8, 2019, 6:55 a.m.
  • Length: 16:47

All games in this series

Show
View Real Time Build Order
Export as new Build Order

Serral Zerg - Winner!

Build Orders: Hatch First, Lurkers, Roach Hydra 

Get SALT Encoding   

  12  0:00  Drone  
  13  0:12  Overlord  
  13  0:16  Drone  
  14  0:31  Drone x2  
  16  0:48  Hatchery  
  15  0:51  Drone  
  15  0:55  Drone  
  17  0:58  Drone  
  18  1:09  Extractor  
  17  1:14  Spawning Pool  
  17  1:17  Drone  
  17  1:20  Drone  
  18  1:28  Drone  
  20  1:40  Drone  
  20  1:49  Drone  
  21  2:00  Queen x2, Overlord  
  25  2:01  Zergling x2  
  26  2:11  Drone  
  26  2:12  Drone  
  28  2:22  Drone x2  
  30  2:35  Hatchery  
  30  2:36  Drone  
  30  2:38  Drone  
  31  2:47  Drone, Evolution Chamber  
  31  2:48  Overlord  
  31  2:55  Drone  
  31  2:56  Drone  
  33  3:05  Drone x2  
  35  3:08  Drone  
  35  3:10  Drone x5  
  41  3:13  Zerg Missile Weapons Level 1  
  41  3:19  Roach Warren  
  40  3:22  Overlord  
  40  3:24  Drone  
  41  3:29  Drone, Extractor  
  41  3:30  Drone, Extractor  
  41  3:40  Drone x3  
  41  3:41  Drone x3  
  46  3:52  Lair  
  46  3:54  Queen  
  48  3:57  Queen  
  48  4:01  Roach x2  
  54  4:06  Overlord  
  54  4:09  Roach x2  
  58  4:12  Overlord  
  58  4:15  Overlord  
  58  4:24  Drone, Overlord  
  59  4:25  Drone x3  
  59  4:27  Drone  
  59  4:28  Drone  
  59  4:30  Drone  
  65  4:35  Overlord  
  65  4:37  Roach x2  
  69  4:41  Overlord  
  69  4:44  Roach  
  69  4:45  Drone x2  
  73  4:49  Overseer  
  73  4:52  Queen  
  75  4:55  Queen  
  75  4:57  Drone  
  78  5:02  Spore Crawler, Drone x2, Extractor  
  78  5:03  Drone  
  78  5:05  Drone  
  78  5:06  Drone  
  81  5:11  Zerg Missile Weapons Level 2  
  83  5:14  Roach x2  
  83  5:16  Spore Crawler  
  83  5:19  Spore Crawler  
  83  5:21  Evolution Chamber  
  83  5:27  Drone x2  
  83  5:28  Drone  
  84  5:31  Glial Reconstitution  
  84  5:34  Queen  
  84  5:35  Overseer, Queen  
  88  5:36  Drone  
  88  5:40  Overlord  
  89  5:45  Overlord  
  89  5:48  Drone x4  
  93  5:53  Zerg Ground Armor Level 1  
  93  5:54  Overlord  
  93  5:56  Overseer  
  93  5:58  Hydralisk Den  
  93  5:59  Overlord  
  93  6:02  Drone x3  
  95  6:06  Drone x3  
  95  6:08  Drone x2  
  100  6:12  Drone, Extractor  
  100  6:13  Spore Crawler, Extractor  
  98  6:19  Spore Crawler, Drone  
  98  6:20  Overlord  
  98  6:23  Drone x2  
  98  6:24  Drone x2  
  98  6:25  Pneumatized Carapace  
  102  6:27  Overseer  
  102  6:34  Lurker Den, Extractor, Overlord  
  102  6:39  Drone  
  103  6:40  Roach x4  
  103  6:44  Overlord x2  
  103  6:45  Overseer  
  109  6:48  Grooved Spines  
  109  6:52  Roach x2  
  113  6:55  Roach x2  
  113  7:01  Roach x4  
  123  7:06  Overlord  
  123  7:09  Hydralisk x3  
  123  7:15  Hydralisk x3  
  131  7:20  Overlord x2  
  135  7:29  Infestation Pit  
  134  7:32  Hydralisk x3  
  134  7:36  Drone  
  141  7:37  Lurker x2  
  141  7:39  Drone  
  141  7:40  Spore Crawler, Drone  
  141  7:41  Spore Crawler  
  141  7:42  Spore Crawler  
  144  7:44  Lurker x2  
  144  7:45  Drone  
  144  7:47  Spore Crawler  
  144  7:48  Hydralisk x2  
  148  7:55  Drone  
  149  8:03  Hydralisk x3  
  155  8:11  Hive  
  155  8:14  Overlord x2  
  155  8:15  Overlord x4  
  155  8:19  Zerg Ground Armor Level 2  
  151  8:35  Hydralisk x6  
  164  8:41  Lurker  
  162  8:51  Overseer x2  
  162  8:56  Muscular Augments  
  162  8:58  Hatchery  
  161  9:03  Roach x6  
  173  9:21  Roach x12  
  171  9:28  Roach x3  
  171  9:29  Roach  
  166  9:33  Roach x2  
  166  9:37  Roach  
  146  9:48  Hydralisk  
  146  9:49  Hydralisk x2  
  149  9:53  Overseer x2  
  149  9:57  Hydralisk  
  149  9:58  Hydralisk  
  153  10:01  Hydralisk  
  153  10:07  Hydralisk  
  152  10:08  Hydralisk  
  152  10:13  Hydralisk  
  152  10:14  Hydralisk  
  150  10:18  Overseer  
  150  10:19  Hydralisk  
  135  10:25  Roach  
  135  10:26  Roach  
  135  10:31  Overseer  
  135  10:34  Roach x2  
  139  10:37  Roach  
  139  10:41  Roach  
  139  10:50  Roach x3  
  139  10:51  Roach  
  139  10:52  Overseer  
  139  10:54  Roach  
  151  10:58  Roach  
  153  11:10  Hatchery  
  148  11:17  Viper  
  151  11:22  Viper  
  149  11:48  Roach x5  
  149  11:49  Overseer  
  153  12:03  Hydralisk x2  
  157  12:13  Roach x2  
  161  12:21  Roach x2  
  165  12:25  Roach  
  154  12:40  Seismic Spines  
  154  13:04  Hatchery  
  153  13:10  Lurker x3  
  154  13:19  Hydralisk  
  150  13:36  Drone x4  
  150  13:39  Overseer  
  154  13:42  Extractor  
  154  13:46  Drone x2  
  155  13:48  Overseer  
  155  13:53  Roach  
  155  13:54  Roach  
  159  13:57  Overseer  
  159  14:09  Overseer  
  159  14:11  Hydralisk  
  159  14:12  Roach, Hydralisk  
  159  14:13  Roach  
  164  14:24  Roach  
  164  14:25  Roach x2  
  164  14:31  Hydralisk x2  
  165  14:34  Lurker x3  
  160  14:59  Lurker  
  158  15:00  Lurker x2  
  151  15:28  Hatchery  
  150  15:37  Overseer  
  141  16:17  Overseer  
Show
View Real Time Build Order
Export as new Build Order

GOReynor Zerg 

Build Orders: Hatch First, Lurkers, Muta Ling Bane 

Get SALT Encoding   

  12  0:00  Drone  
  13  0:12  Overlord  
  13  0:16  Drone  
  14  0:31  Drone x2  
  16  0:47  Hatchery  
  15  0:51  Drone  
  15  0:54  Drone  
  17  0:57  Drone  
  18  1:08  Extractor  
  17  1:13  Spawning Pool  
  17  1:16  Drone  
  17  1:20  Drone  
  18  1:28  Drone  
  19  1:39  Drone  
  20  1:49  Overlord  
  20  1:59  Queen  
  20  2:00  Drone x2, Queen  
  26  2:10  Drone  
  26  2:11  Drone  
  28  2:20  Drone  
  28  2:22  Drone  
  30  2:31  Drone  
  30  2:32  Overlord  
  30  2:35  Queen  
  33  2:37  Lair  
  33  2:40  Extractor  
  33  2:42  Drone  
  33  2:43  Drone  
  34  2:49  Evolution Chamber  
  33  2:53  Drone x2  
  35  3:01  Roach Warren  
  35  3:03  Drone  
  35  3:05  Drone  
  36  3:08  Drone x2  
  36  3:12  Drone x2  
  40  3:13  Drone  
  40  3:17  Zerg Melee Weapons Level 1  
  41  3:21  Evolution Chamber  
  41  3:23  Drone  
  41  3:27  Extractor  
  41  3:29  Overlord  
  41  3:31  Drone  
  41  3:35  Drone  
  42  3:43  Spire  
  42  3:45  Drone  
  42  3:46  Drone  
  43  3:48  Drone  
  43  3:50  Drone  
  43  3:53  Extractor  
  44  3:55  Metabolic Boost  
  44  3:57  Drone  
  44  4:00  Drone  
  46  4:03  Drone  
  46  4:07  Overlord  
  46  4:09  Drone x2  
  49  4:15  Drone x3  
  52  4:26  Hatchery  
  51  4:32  Overlord  
  51  4:34  Zergling x4  
  51  4:35  Zergling x2  
  51  4:37  Zergling x2  
  55  4:39  Zergling x2  
  55  4:40  Zergling x2  
  57  4:46  Zergling x6  
  57  4:49  Overlord  
  60  4:57  Zerg Flyer Weapons Level 1  
  60  4:58  Mutalisk x2  
  64  5:01  Mutalisk  
  64  5:04  Mutalisk  
  68  5:08  Mutalisk  
  68  5:11  Mutalisk  
  72  5:16  Mutalisk  
  72  5:19  Drone x2  
  76  5:21  Overlord  
  75  5:34  Overlord  
  75  5:38  Zerg Melee Weapons Level 2  
  75  5:40  Mutalisk  
  75  5:42  Drone x4  
  81  5:47  Mutalisk  
  81  5:49  Drone x5  
  88  5:52  Drone x2  
  90  5:57  Mutalisk  
  90  6:00  Drone x3  
  90  6:02  Extractor  
  94  6:07  Extractor  
  94  6:10  Overlord  
  93  6:12  Zergling x4  
  97  6:19  Drone  
  97  6:20  Drone  
  97  6:25  Baneling Nest, Zerg Missile Weapons Level 1  
  97  6:29  Drone  
  97  6:30  Drone x2  
  97  6:31  Overlord  
  99  6:33  Hatchery  
  99  6:36  Drone  
  99  6:37  Drone x3  
  102  6:41  Zergling x4  
  102  6:45  Overlord  
  104  6:47  Zergling x4  
  104  6:49  Drone  
  107  6:54  Overlord  
  107  7:00  Mutalisk x2  
  107  7:03  Drone  
  107  7:06  Hydralisk Den  
  107  7:08  Centrifical Hooks  
  107  7:11  Drone x7  
  114  7:18  Overlord  
  114  7:19  Zergling x4  
  114  7:20  Zergling x2  
  116  7:28  Infestation Pit  
  114  7:30  Zergling x6  
  114  7:32  Overlord  
  115  7:41  Lurker Den, Zergling x14  
  115  7:42  Zergling x8  
  125  7:44  Queen  
  125  7:45  Muscular Augments, Drone  
  125  7:46  Extractor  
  125  7:48  Drone, Extractor  
  125  7:50  Drone  
  128  7:53  Overlord  
  128  7:56  Zerg Ground Armor Level 1  
  128  8:00  Hydralisk x3  
  134  8:08  Hydralisk x5  
  134  8:11  Overlord  
  144  8:14  Hive, Drone  
  144  8:19  Drone x2  
  147  8:24  Zerg Missile Weapons Level 2  
  145  8:37  Drone x4  
  145  8:40  Lurker x2  
  145  8:41  Lurker x5  
  156  8:43  Zergling x6  
  156  8:47  Hatchery  
  156  8:48  Baneling x8  
  158  8:50  Overseer  
  158  8:52  Overseer  
  158  8:58  Overlord  
  158  9:03  Spore Crawler  
  158  9:04  Lurker  
  158  9:05  Spore Crawler  
  156  9:14  Hydralisk  
  156  9:15  Zergling x10  
  157  9:22  Overlord  
  157  9:23  Overlord x2  
  133  9:31  Seismic Spines  
  133  9:32  Hydralisk  
  133  9:33  Zergling x32  
  133  9:36  Hydralisk x4  
  141  9:38  Overlord  
  141  9:42  Hydralisk  
  139  9:51  Overseer  
  139  9:52  Drone x3  
  142  9:55  Hydralisk  
  142  9:56  Hydralisk  
  146  10:01  Hydralisk x2  
  150  10:07  Hydralisk  
  150  10:08  Zergling x8, Queen  
  152  10:14  Hydralisk  
  152  10:15  Zergling x2  
  152  10:16  Hydralisk  
  152  10:17  Zergling x4  
  152  10:18  Zergling x2  
  152  10:20  Zergling x4  
  145  10:23  Overlord  
  142  10:34  Overlord  
  134  10:45  Overlord x2  
  123  10:51  Overlord  
  123  10:56  Overlord x3  
  114  10:58  Overlord x2  
  100  11:04  Lurker x5  
  100  11:05  Lurker x4  
  100  11:07  Drone x3, Pneumatized Carapace  
  100  11:08  Drone  
  100  11:09  Adaptive Talons, Hydralisk  
  100  11:10  Hydralisk  
  104  11:15  Hydralisk  
  104  11:18  Hydralisk  
  106  11:19  Zergling x2  
  106  11:24  Hydralisk  
  110  11:28  Overseer x2  
  110  11:32  Hydralisk  
  101  11:33  Zergling x4  
  101  11:40  Lurker, Hydralisk x2  
  101  11:45  Drone x2  
  101  11:46  Lurker  
  90  11:54  Hydralisk  
  87  12:03  Hydralisk  
  86  12:11  Hydralisk  
  86  12:15  Drone x5  
  89  12:16  Extractor  
  86  12:32  Hydralisk x2  
  86  12:35  Drone x3  
  93  12:38  Hydralisk  
  93  12:40  Drone  
  84  12:55  Hydralisk x2  
  82  13:16  Hydralisk  
  82  13:20  Hatchery  
  82  13:23  Hydralisk  
  82  13:29  Hydralisk  
  82  13:32  Hydralisk  
  86  13:37  Overseer  
  86  13:38  Overseer, Hydralisk  
  88  13:43  Drone  
  89  14:01  Hydralisk x3  
  95  14:10  Hydralisk  
  95  14:15  Overlord  
  82  15:12  Hatchery  
  71  15:43  Overseer  
Tags
 
Add a new tag
Caveats
  • Supply blocks, unpowered buildings, or Contaminate may cause inaccurate times.
  • Supply counts are checked every 10 seconds.